 Dungeon Crawl Stone Soup version 0.28-a0-1117-g0bdd5ba030 (webtiles) character file.

Game seed: 15647075374016672366

86 SensoryNuts the Slasher (level 4, 0/34 HPs)
             Began as a Demonspawn Gladiator on Dec 12, 2021.
             Slain by a hobgoblin (4 damage)
             ... led by Robin
             ... on level 2 of the Dungeon.
             The game lasted 00:01:28 (1692 turns).

SensoryNuts the Slasher (Demonspawn Gladiator)      Turns: 1692, Time: 00:01:29

Health: 0/34       AC:  5    Str: 16      XL:     4   Next: 27%
Magic:  4/4        EV: 12    Int:  8 (10) God:
Gold:   91         SH:  0    Dex: 10 (14) Spells: 3/3 levels left

rFire   . . .      SeeInvis .   a - +0 long sword
rCold   . . .      Faith    .   (no shield)
rNeg    . . .      Spirit   .   b - +0 leather armour
rPois   .          Reflect  .   (helmet restricted)
rElec   .          Harm     .   (no cloak)
rCorr   .          Rampage  .   (no gloves)
Will    .....                   (no boots)
Stlth   +.........              (no amulet)
HPRegen 0.11/turn               (no ring)
MPRegen 0.09/turn               (no ring)

@: invisible, very slow
A: horns 1, icy blue scales 1
a: no special abilities


You were on level 2 of the Dungeon.
You visited 1 branch of the dungeon, and saw 2 of its levels.

You collected 91 gold pieces.

Inventory:

Hand Weapons
 a - a +0 long sword (weapon)
Missiles
 d - 3 throwing nets (quivered)
Armour
 b - a +0 leather armour (worn)
 c - a +0 helmet
Jewellery
 e - a ring of protection from fire
Scrolls
 h - a scroll of noise {unknown}
 i - a scroll of immolation {unknown}
Potions
 g - a potion of curing {unknown}


   Skills:
 + Level 2.5 Fighting
 + Level 3.6 Long Blades
 + Level 1.8 Throwing
 + Level 1.3 Armour
 + Level 3.2 Dodging
 + Level 0.1 Stealth


You had 3 spell levels left.
You didn't know any spells.
Your spell library contained the following spells:

 Spells                   Type           Power      Damage    Failure   Level
 Dazzling Flash           Conj/Hex       0%         N/A       85%         3
 Fulminant Prism          Conj/Hex       0%         3d6       99%         4
 Spellforged Servitor     Conj/Summ      0%         N/A       100%        7


Dungeon Overview and Level Annotations

Branches:
Dungeon (2/15)

Altars:
Cheibriados

Annotations:
D:2 Natasha, Robin


Innate Abilities, Weirdness & Mutations

You have a pair of small horns on your head.
You are partially covered in icy blue scales. (AC +2)


Message History

Robin throws the goblin at you!
* * * LOW HITPOINT WARNING * * *
The goblin barely misses you.
Things that are here:
a +0 dagger; a goblin corpse You fade into invisibility!
The ball python closely misses you.
Robin throws the goblin out of sight!
The goblin barely misses you.
You closely miss the goblin. The ball python barely misses you.
Robin roars a battlecry!
The goblins go into a battle-frenzy!
The goblin barely misses you.
You barely miss the goblin. The hobgoblin completely misses you.
The goblin misses you.
A goblin comes into view. It is wielding a +0 club.
You closely miss the goblin. The goblin closely misses you.
Natasha casts a spell.
The hobgoblin closely misses you.
You barely miss the goblin. The goblin misses you.
Natasha mumbles some strange words.
The goblin closely misses you. The hobgoblin hits you.
* * * LOW HITPOINT WARNING * * *
You closely miss the goblin. The goblin closely misses you.
The goblin barely misses you. The hobgoblin hits you.
* * * LOW HITPOINT WARNING * * *
The goblin barely misses you.
You hit the goblin.
The goblin is heavily wounded.
Natasha casts a spell.
The goblin hits you but does no damage. The hobgoblin closely misses you.
The shadow imp sputters.
The goblin closely misses you.
You slash the goblin!
You kill the goblin!
The goblin barely misses you. The hobgoblin closely misses you.
The shadow imp shouts, "Remove thy stench, thou fawning milk-livered bandersnitch!"
Natasha mewls in sadness.
The goblin hits you but does no damage. The hobgoblin hits you.
You die...

######## ## #...... .#
#.###.######.#
#####.#.#..†)@g5g#
#......#..#####g.#
####.....###.###..gSg5g..g
..##.....# ##..#.#h.##g...
#........###.#...#.5# ...
####......#.######..# ..
.........#.# #..#
.......###.# #..# ######.#
#.# #..#


You could see Robin, 2 shadow imps, 3 hobgoblins, 2 goblins and a ball python.

Vanquished Creatures
  Jessica (D:2)
  A gnoll (D:1)
  A worm (D:2)
  2 dart slugs (D:1)
  An endoplasm (D:2)
  2 giant cockroaches (D:2)
  8 goblins
  6 hobgoblins
  5 kobolds
  3 quokkas
  4 ball pythons
  4 bats
  3 frilled lizards
  2 rats (D:1)
43 creatures vanquished.

Notes
Turn   | Place    | Note
-------+----------+-------------------------------------------
     0 | D:1      | SensoryNuts the Demonspawn Gladiator began the quest for
                  | the Orb.
     0 | D:1      | Reached XP level 1. HP: 16/16 MP: 1/1
     1 | D:1      | Noticed an ice dragon
     2 | D:1      | Noticed a large abomination
     4 | D:1      | Noticed a green draconian
     4 | D:1      | Noticed an iron dragon
     8 | D:1      | Noticed a white draconian
     9 | D:1      | Noticed a shadow dragon
    11 | D:1      | Noticed an ice dragon
    11 | D:1      | Noticed an orb of fire
    13 | D:1      | Noticed an ice dragon
    13 | D:1      | Noticed a shadow dragon
    15 | D:1      | Noticed a shadow dragon
    15 | D:1      | Noticed a large abomination
    15 | D:1      | Noticed a green draconian
    17 | D:1      | Noticed a large abomination
    17 | D:1      | Noticed a shadow dragon
    19 | D:1      | Noticed an orb of fire
   366 | D:1      | Gained mutation: You have a pair of small horns on your
                  | head. [demonic ancestry]
   366 | D:1      | Reached XP level 2. HP: 17/22 MP: 2/2
   654 | D:1      | Found a faded altar of an unknown god.
   674 | D:1      | Gained mutation: You are partially covered in icy blue
                  | scales. (AC +2) [demonic ancestry]
   674 | D:1      | Reached XP level 3. HP: 7/28 MP: 3/3
   683 | D:1      | Prayed at the altar of an unknown god.
   683 | D:1      | Became a worshipper of Cheibriados the Contemplative
   683 | D:1      | Reached * piety under Cheibriados
   924 | D:1      | Fell from the grace of Cheibriados
  1257 | D:2      | Noticed Jessica
  1269 | D:2      | Killed Jessica
  1270 | D:2      | Reached skill level 1 in Armour
  1270 | D:2      | Reached XP level 4. HP: 17/34 MP: 4/4
  1567 | D:2      | Got Lehudib's Collected Works on Combat Magic
  1679 | D:2      | Noticed Robin
  1679 | D:2      | Noticed Natasha
  1692 | D:2      | Slain by a hobgoblin

Illustrated notes

Levels and vault maps discovered:
D:1:      shiori_arrival_whats_in_store_for_you, layout_basic,
          basic_ecumenical_altar
D:2:      layout_loops_ring, kennysheep_cross_room, kennysheep_generic_room_8,
          uniq_jessica, uniq_robin, uniq_natasha

Skill      XL: |  1  2  3 |
---------------+----------+-----
Long Blades    | 3 |  3.6
Dodging        | 3 |  3.2
Armour         | 1 |  1.3
Fighting       | |  2.5
Throwing       | |  1.8
Stealth        | |  0.1

Action                   |  1- 3 |  4- 6 || total
-------------------------+-------+-------++-------
Melee: Long sword        |    98 |    25 ||   123
       Headbutt          |    11 |     2 ||    13
Invok: Renounce Religion |     1 |       ||     1
  Use: Scroll            |     1 |       ||     1
       Potion            |       |     1 ||     1
 Stab: Sleeping          |     1 |       ||     1
Armor: Leather armour    |    39 |     9 ||    48
Dodge: Dodged            |    84 |    27 ||   111

Table legend: (Time is in decaauts)
 A = Elapsed time spent in this place.
 B = Non-inter-level travel time spent in this place.
 C = Inter-level travel time spent in this place.
 D = Time resting spent in this place.
 E = Time spent auto-exploring this place.
 F = Levels seen in this place.
 G = Mean time per level.
                   A        B        C        D        E       F      G
               +--------+--------+--------+--------+--------+-----+--------+
         Total |   1866 |   1866 |      0 |      0 |   1518 |   2 |  933.0 |
       Dungeon |   1866 |   1866 |      0 |      0 |   1518 |   2 |  933.0 |
               +--------+--------+--------+--------+--------+-----+--------+

Top non-repeatable levels by time:
     D:1: 1162 daAuts
     D:2: 703 daAuts
